 Dungeon Crawl Stone Soup version 0.31.0-12-g77e489cdc1 (webtiles) character file.

Game seed: 10268991110691491522

57 hawla the Ducker (level 3, 0/19 HPs)
             Began as a Deep Elf Fire Elementalist on Feb 19, 2024.
             Slain by a ribbon worm (4 damage)
             ... on level 2 of the Dungeon.
             The game lasted 00:02:20 (1077 turns).

hawla the Ducker (Deep Elf Fire Elementalist)       Turns: 1077, Time: 00:02:21

Health: 0/19       AC:  2    Str:  5    XL:     3   Next: 73%
Magic:  0/9        EV: 14    Int: 21    God:
Gold:   62         SH:  0    Dex: 15    Spells: 5/8 levels left

rFire   . . .        (no weapon)
rCold   . . .        (no shield)
rNeg    . . .        a - +0 robe
rPois   .            (no helmet)
rElec   .            (no cloak)
rCorr   .            (no gloves)
SInv    .            (no boots)
Will    .....        (no amulet)
Stlth   ++           (no ring)
HPRegen 0.23/turn    (no ring)
MPRegen 0.11/turn

%: no passive effects
@: no status effects
A: no striking features
a: no special abilities


You were on level 2 of the Dungeon.
You visited 1 branch of the dungeon, and saw 2 of its levels.

You collected 62 gold pieces.

Inventory:

Armour
 a - a +0 robe (worn)
Potions
 e - a potion of enlightenment {unknown}
 f - a potion of heal wounds {unknown}


   Skills:
 + Level 5.0 Dodging
 - Level 2.4 Stealth
 - Level 3.0 Spellcasting
 - Level 1.1 Conjurations
 - Level 3.2 Fire Magic


You had 5 spell levels left.
You knew the following spells:

 Your Spells              Type           Power      Damage    Failure   Level
a - Foxfire               Conj/Fire      48%        2x1d6     5%          1
b - Scorch                Fire           32%        2d6       5%          2

Your spell library contained the following spells:

 Spells                   Type           Power      Damage    Failure   Level
 Inner Flame              Hex/Fire       10%        N/A       21%         3
 Volatile Blastmotes      Fire/Tloc      20%        2d11      21%         3
 Flame Wave               Conj/Fire      12%        2d6       47%         4


Dungeon Overview and Level Annotations

Branches:
Dungeon (2/15)

Altars:


Message History

You conjure some foxfire!
Casting: Foxfire (safe; 5% risk of failure)
Confirm with . or Enter, or press ? or * to list all spells.
Flames lash the giant cockroach.
The giant cockroach is heavily wounded.
The giant cockroach's fire resistance burns away.
The foxfire hits the ribbon worm.
The ribbon worm is moderately wounded.
The foxfire hits the ribbon worm.
The ribbon worm is severely wounded.
The ribbon worm bites you but does no damage.
Casting: Scorch (safe; 5% risk of failure)
Confirm with . or Enter, or press ? or * to list all spells.
You conjure some foxfire!
The ribbon worm expels a string of sticky webbing.
The stream of webbing misses you.
Casting: Foxfire (safe; 5% risk of failure)
Confirm with . or Enter, or press ? or * to list all spells.
Flames lash the giant cockroach.
The giant cockroach is burned terribly!
You kill the giant cockroach!
The foxfire hits the ribbon worm but does no damage.
The ribbon worm is heavily wounded.
The foxfire hits the ribbon worm.
The ribbon worm is heavily wounded.
The ribbon worm bites you.
Casting: Scorch (safe; 5% risk of failure)
Confirm with . or Enter, or press ? or * to list all spells.
You conjure some foxfire!
The ribbon worm bites you.
* * * LOW HITPOINT WARNING * * *
You barely miss the ribbon worm.
The ribbon worm is heavily wounded.
The foxfire hits the ribbon worm.
The ribbon worm is heavily wounded.
The foxfire hits the ribbon worm.
The ribbon worm is severely wounded.
Unknown command.
Casting: Foxfire (safe; 5% risk of failure)
Confirm with . or Enter, or press ? or * to list all spells.
You conjure some foxfire!
The ribbon worm bites you.
You die...

#...........
#######†..........
#.................
#.#####...........
##.#####........#
#......#.......#.
#......#......##
#......###v#####...
#....[.###@w)......
#.......##v#.......
#......#####.......
#......# .......
#......# ###....
##.##### .... #.#
... #######.# ..
#<......##


You could see a ribbon worm (catching breath, ally target).

Vanquished Creatures
  Terence (D:2)
  4 endoplasms (D:1)
  2 giant cockroaches
  2 goblins (D:1)
  4 hobgoblins
  A quokka (D:1)
  3 ball pythons (D:1)
  2 bats (D:1)
  3 frilled lizards (D:1)
  3 kobolds
  6 rats
31 creatures vanquished.

Vanquished Creatures (others)
  66 foxfires
66 creatures vanquished.

Grand Total: 97 creatures vanquished

Notes
Turn   | Place    | Note
-------+----------+-------------------------------------------
     0 | D:1      | hawla the Deep Elf Fire Elementalist began the quest for
                  | the Orb.
     0 | D:1      | Reached XP level 1. HP: 10/10 MP: 6/6
   106 | D:1      | Reached skill level 3 in Dodging
   260 | D:1      | Reached XP level 2. HP: 15/15 MP: 6/8
   463 | D:1      | Reached skill level 4 in Dodging
   824 | D:1      | Learned a level 2 spell: Scorch
   929 | D:1      | Found a faded altar of an unknown god.
   987 | D:2      | Reached XP level 3. HP: 19/19 MP: 4/9
  1061 | D:2      | Noticed Terence
  1070 | D:2      | Killed Terence
  1071 | D:2      | Reached skill level 5 in Dodging
  1077 | D:2      | Slain by a ribbon worm

Illustrated notes

Levels and vault maps discovered:
D:1:      matt_arrival_refuge, layout_basic, nicolae_ecumenical_lake_church
D:2:      layout_basic, chequers_serial_rivers_micro_e, uniq_natasha,
          uniq_terence

Skill      XL: |  1  2  3 |
---------------+----------+-----
Dodging        | 3 4 5 |  5.0
Stealth        | |  2.4
Spellcasting   | |  3.0
Conjurations   | |  1.1
Fire Magic     | |  3.2

Action                     || total
---------------------------++-------
  Melee: Unarmed           ||     2
   Cast: Foxfire           ||    40
         Scorch            ||     6
    Use: Scroll            ||     2
         Potion            ||     1
 Armour: Robe              ||     8
  Dodge: Dodged            ||     8
